AoeStats
← Cya m8

Marketplace

506904989Analyzed
1v1 RM · 18d ago on Sep 15, 2026· 54m 45s· 2 players
Game mode
Random Map
Map size
Tiny (2 player)
Population
200
Speed
Normal
Resources
Standard
Victory
Conquest
Starting age
Dark Age
Ending age
Imperial Age
RankedLock teamsTeams togetherTeam positionsShared explorationLock speedFull tech treeHidden civsTurbo modeCheats
Victory
Defeat
🇫🇷 Franks · France
745
+15
🇹🇷 Portuguese · Türkiye
719
-15
Cya m8
11:19 Feudal Age
16:55 Castle Age
14:59 Double-Bit Axe
15:08 Gold Mining
18:54 Loom
23:26 Bow Saw
23:55 Stone Mining
34:35 Imperial Age
35:15 Elite Organ Gun
38:30 Two-Man Saw
38:12 Padded Archer Armor
38:05 Fletching
40:09 Pikeman
40:50 Scale Mail Armor
41:32 Halberdier
43:28 Chain Mail Armor
43:23 Forging
47:28 Stone Shaft Mining
54:28 Arquebus
55:01 Conscription
Zouki
7:06 Loom
10:54 Feudal Age
11:20 Double-Bit Axe
12:13 Wheelbarrow
15:11 Forging
15:22 Scale Barding Armor
22:08 Castle Age
23:16 Hand Cart
23:14 Bow Saw
24:59 Husbandry
29:05 Iron Casting
28:31 Padded Archer Armor
28:22 Fletching
28:42 Town Watch
29:45 Chain Barding Armor
29:28 Scale Mail Armor
34:13 Imperial Age
32:20 Gold Mining
32:21 Stone Mining
32:46 Bodkin Arrow
33:06 Leather Archer Armor
33:08 Chain Mail Armor
34:26 #83
33:47 Crossbowman
35:52 Gold Shaft Mining
35:03 Cavalier
37:06 Blast Furnace
37:10 Plate Barding Armor
37:46 Paladin
41:12 Plate Mail Armor
42:49 Elite Throwing Axeman
46:56 Chivalry
49:23 Chivalry
49:24 Spies/Treason
Connection lost

Rejoining the realm…

Still unreachable

The connection could not be restored.

Session expired

The server has moved on; the page needs a fresh start.